Map: Ephemeron LE

Players

PrairieDog - Winner!

  • Race: Zerg Zerg
  • League: Platinum
  • Spawn Location: 11:00

pHARM

  • Race: Zerg Zerg
  • League: Platinum
  • Spawn Location: 5:00

VOD

Have the link to the VOD?

Description

Time

  • Played on: Sept. 1, 2019, 7:02 p.m.
  • Length: 3:43
Show
View Real Time Build Order
Export as new Build Order

PrairieDog Zerg - Winner!

Build Orders: Pool First 

Get SALT Encoding   

  12  0:01  Drone  
  13  0:09  Drone  
  14  0:24  Overlord  
  14  0:43  Drone  
  14  0:44  Drone x2  
  14  0:47  Extractor  
  16  0:51  Spawning Pool  
  16  0:55  Drone  
  16  1:05  Drone  
  17  1:23  Hatchery  
  16  1:28  Drone x2  
  18  1:39  Queen  
  18  1:43  Drone  
  21  1:49  Overlord  
  21  1:56  Metabolic Boost  
  21  2:01  Zergling x2  
  22  2:13  Zergling x2  
  23  2:26  Lair  
  23  2:28  Zergling x2  
  24  2:34  Queen  
  24  2:35  Overlord  
  26  2:38  Zergling x2  
  27  2:45  Zergling x2  
  27  2:46  Zergling x2  
  27  2:51  Zergling x6  
  32  2:59  Zergling x4  
  34  3:06  Overlord  
  34  3:07  Zergling x2  
  35  3:30  Drone  
  35  3:31  Extractor  
Show
View Real Time Build Order
Export as new Build Order

pHARM Zerg 

Build Orders: Hatch First 

Get SALT Encoding   

  12  0:01  Drone  
  13  0:17  Overlord  
  13  0:21  Drone  
  14  0:36  Drone x2  
  16  0:56  Hatchery  
  15  1:00  Drone x2  
  15  1:02  Drone  
  18  1:17  Spawning Pool  
  17  1:30  Drone x2  
  19  1:50  Drone  
  20  1:55  Drone  
  20  1:56  Overlord  
  21  2:10  Drone  
  21  2:11  Queen x2  
  21  2:13  Drone  
  27  2:22  Drone x2  
  29  2:30  Overlord  
  29  2:35  Drone  
  30  2:44  Drone  
  30  2:45  Drone  
  32  3:01  Drone x3  
  32  3:05  Queen x2  
  35  3:09  Overlord  
  39  3:18  Extractor  
  38  3:21  Extractor  
  38  3:24  Extractor  
  38  3:25  Extractor  
  35  3:30  Evolution Chamber  
  35  3:32  Roach Warren  
Tags
 
Matchup
ZvZ
Race
Zerg
Replay Pack
10.7.19
Spawn Locations
Cross Positions
Add a new tag
Caveats
  • Supply blocks, unpowered buildings, or Contaminate may cause inaccurate times.
  • Supply counts are checked every 10 seconds.